 Dungeon Crawl Stone Soup version 0.28-a0-461-g2dc4ca5097 (webtiles) character file.

Game seed: 14776914447195921025

6078 lunkers the Thaumaturge (level 11, -2/85 HPs)
             Began as a Djinni Cinder Acolyte on Sept 13, 2021.
             Was a High Priest of Ignis.
             Shot with an arrow by a centaur warrior (8 damage)
             ... on level 8 of the Dungeon.
             The game lasted 00:15:09 (7498 turns).

lunkers the Thaumaturge (Djinni Cinder Acolyte)     Turns: 7498, Time: 00:15:10

Health: -2/85      AC:  8    Str: 13    XL:     11   Next: 12%
Gold:   482        EV: 10    Int: 20    God:    Ignis [*****.] SH:  0 Dex:  8

rFire   + + +      SeeInvis .   j - +7 short sword "Bor Jif" {vorpal, *Rage Fragile rN++ MP+9}
rCold   x . .      Faith    .   (no shield)
rNeg    + + .      Spirit   .   o - +0 troll leather armour {Purgy}
rPois   ∞          Reflect  .   u - +2 hat
rElec   .          Harm     .   (no cloak)
rCorr   .          Rampage  .   C - +1 pair of gloves
Will    +....      Rage     20% (boots unavailable)
Stlth   +.........              (no amulet)
HPRegen 1.24/turn               v - ring of wizardry
MPRegen 0.00/turn               (no ring)

@: flying
A: sickness immunity, fire resistance 2, cold vulnerability 1, float, innate
caster, hp casting, extra vitality 1
a: Renounce Religion, Sea of Fire, Foxfire Swarm, Rising Flame


You were on level 8 of the Dungeon.
You worshipped Ignis.
Ignis was extremely pleased with you.
You visited 1 branch of the dungeon, and saw 8 of its levels.
You also visited: Sewer and Ossuary.

You collected 482 gold pieces.

Inventory:

Hand Weapons
 a - a -1 short sword of flaming
 j - the +7 short sword "Bor Jif" (weapon) {vorpal, *Rage Fragile rN++ MP+9}
   (You found it on level 8 of the Dungeon)

   It inflicts extra damage upon your enemies.
   rN:        It greatly protects you from negative energy.
   MP:        It affects your magic capacity (+9).
   *Rage:     It lets you go berserk by making a melee attack (+20% chance).
   Fragile:   It will be destroyed if unequipped.
Missiles
 D - 4 throwing nets
Armour
 o - a +0 troll leather armour (worn) {Purgy}
 u - a +2 hat (worn)
 C - a +1 pair of gloves (worn)
Magical Staves
 m - a staff of poison
 x - a staff of earth
Jewellery
 v - a ring of wizardry (left hand)
Wands
 b - a wand of polymorph (9)
 w - a wand of digging (3)
 y - a wand of flame (12)
 A - a wand of charming (7)
Scrolls
 f - a scroll of identify
 g - a scroll of amnesia {unknown}
 i - 3 scrolls of blinking
 p - 3 scrolls of teleportation
 t - a scroll of enchant armour
Potions
 c - 4 potions of mutation
 d - 5 potions of curing
 e - 2 potions of berserk rage
 h - 3 potions of brilliance
 k - a potion of ambrosia
 l - 10 potions of heal wounds
 n - a potion of invisibility {unknown}
 q - 4 potions of might
 r - a potion of haste {unknown}
 s - 3 potions of resistance {unknown}
 z - a potion of flight {unknown}
 B - a potion of attraction {unknown}


   Skills:
 + Level 9.8 Fighting
 - Level 2.6 Short Blades
 * Level 10.4 Spellcasting


You had 14 spell levels left.
You knew the following spells:

 Your Spells              Type           Power      Damage    Failure   Level
a - Poisonous Vapours     Pois/Air       100%       N/A       1%          2
b - Animate Skeleton      Necr           100%       N/A       1%          1
c - Wereblood             Tmut           51%        N/A       1%          2
d - Scorch                Fire           100%       2d10      1%          2
e - Summon Lightning Spi  Summ/Air       51%        N/A       1%          4
f - Irradiate             Conj/Tmut      25%        3d21      1%          5
Your spell library was empty.

Dungeon Overview and Level Annotations

Branches:
Dungeon (8/15)             Temple (0/1) D:7           Sewer (visited)
Ossuary (visited)
   Lair: D:8-11

Altars:
Ashenzari
Cheibriados
Fedhas
Kikubaaqudgha
Okawaru
Sif Muna
Uskayaw
Vehumet
Wu Jian
The Shining One

Shops:
D:5 [

Annotations:
D:3 Terence


Innate Abilities, Weirdness & Mutations

You are immune to sickness and miasma.
You are immune to poison.
Your flesh is very heat resistant. (rF++)
You are vulnerable to cold. (rC-)
You float through the air rather than walking.
You learn spells naturally, not from books.
Your magical power is your life essence.
You have superior vitality. (+4 HP)


Message History

Your lightning spire shoots out a bolt of lightning at the centaur warrior!
The bolt of electricity hits the centaur warrior!
Unknown command.
Unknown command.
Unknown command.
Casting: Poisonous Vapours (safe; 1% risk of failure)
Confirm with . or Enter, or press ? or * to list all spells.
Aiming: Poisonous Vapours (safe; 1% risk of failure)
Press: ? - help, Dir - move target, f/p - centaur warrior
Aim: a centaur warrior, wielding a +0 shortbow and quivering arrows (moderately wounded, very poisoned, ally target) Poisonous vapours surround the centaur warrior!
The centaur warrior looks as sick as possible!
The centaur warrior shoots an arrow.
The arrow hits you!!
* * * LOW HITPOINT WARNING * * *
The centaur warrior shoots an arrow.
The arrow hits you!
* * * LOW HITPOINT WARNING * * *
Your lightning spire shoots out a bolt of lightning at the centaur warrior!
The bolt of electricity hits the centaur warrior!
Unknown command.
Casting: Poisonous Vapours (safe; 1% risk of failure)
Confirm with . or Enter, or press ? or * to list all spells.
Aiming: Poisonous Vapours (safe; 1% risk of failure)
Press: ? - help, Dir - move target, f/p - centaur warrior
Aim: a centaur warrior, wielding a +0 shortbow and quivering arrows (heavily wounded, extremely poisoned, ally target) Poisonous vapours surround the centaur warrior!
The centaur warrior looks as sick as possible!
* * * LOW HITPOINT WARNING * * *
The centaur warrior shoots an arrow.
The arrow barely misses you.
Unknown command.
Unknown command.
Unknown command.
The centaur warrior shoots an arrow.
The arrow hits you!
* * * LOW HITPOINT WARNING * * *
Aiming: Throw Flame
Press: ? - help, Shift-Dir - straight line, f/p - centaur warrior
Aim: a centaur warrior, wielding a +0 shortbow and quivering arrows (heavily wounded, extremely poisoned, ally target, 77% to hit)
The puff of flame hits the centaur warrior.
The centaur warrior is heavily wounded.
The centaur warrior shoots an arrow.
The arrow hits you!
You die...

....#.....♣.............#
....#.........#'####.####
#.#.#....(.......###.#
#.#.#................###
....########....♣♣♣♣...#
###.# #...'......♣♣...#
#.# #.###.....♣♣♣...#
###.# #.# #.....♣♣♣...#
....# #.# #....@.♣♣...#
....# #.#####8........#
....## #..........(....#
.....# #........c......#
.....# #...............#
.....# #........)[.....#
.....###...............#
...........#.........###
....#[.....#.#######.#


You could see a centaur warrior (extremely poisoned, ally target) and a friendly
lightning spire (summoned).

Vanquished Creatures
  Harold (D:8)
  A two-headed ogre (D:8)
  A manticore (D:8)
  A gargoyle (D:8)
  An unseen horror (D:8)
  A kobold demonologist (D:8)
  Prince Ribbit (D:6)
  Eustachio (D:5)
  A wraith (D:8)
  A vampire mosquito (D:8)
  A water moccasin (D:8)
  An orc warrior (D:8)
  Purgy (Sewer)
  A necrophage (D:5)
  An ogre (D:4)
  A kobold brigand (D:8)
  2 phantoms (D:5)
  A bullfrog (D:6)
  6 scorpions
  6 water moccasin zombies (Ossuary)
  2 wyvern skeletons
  6 killer bees (D:8)
  A howler monkey (D:8)
  2 centaur zombies
  A hound (D:5)
  An orc priest (D:5)
  2 centaur skeletons
  2 bullfrog skeletons
  An iguana (D:7)
  2 orc wizards
  2 mummies (Ossuary)
  13 adders
  A shadow imp (D:6)
  3 adder zombies (Ossuary)
  A worm (D:4)
  A dart slug (D:4)
  24 orcs
  6 bats
  5 endoplasms
  7 giant cockroaches
  7 goblins
  7 hobgoblins
  2 jackals (D:1)
  14 kobolds
  11 quokkas
  7 ball pythons
  5 frilled lizards
  3 gnoll zombies (Ossuary)
  A goblin zombie (D:6)
  2 hobgoblin zombies (Ossuary)
  6 kobold zombies (Ossuary)
  4 orc zombies (Ossuary)
  A quokka zombie (D:6)
  7 rats
191 creatures vanquished.

Vanquished Creatures (collateral kills)
  A troll (D:8)
  A slime creature (D:8)
  2 killer bees (D:8)
  An orc wizard (D:8)
  An orc (D:8)
6 creatures vanquished.

Grand Total: 197 creatures vanquished

Notes
Turn   | Place    | Note
-------+----------+-------------------------------------------
     0 | D:1      | lunkers the Djinni Cinder Acolyte began the quest for the
                  | Orb.
     0 | D:1      | Reached XP level 1. HP: 20/20 MP: 0/0
   115 | D:1      | Reached XP level 2. HP: 19/25 MP: 0/0
   646 | D:1      | Reached XP level 3. HP: 25/30 MP: 0/0
   646 | D:1      | Learned a level 1 spell: Animate Skeleton
   707 | D:1      | Reached skill level 3 in Spellcasting
   869 | D:1      | Found a faded altar of an unknown god.
  1637 | D:2      | Reached XP level 4. HP: 25/35 MP: 0/0
  1817 | D:2      | Found a glowing golden altar of the Shining One.
  2396 | D:3      | Reached XP level 5. HP: 19/41 MP: 0/0
  2396 | D:3      | Learned a level 2 spell: Wereblood
  2925 | D:3      | Found a glowing drain.
  3021 | Sewer    | Entered a sewer
  3319 | Sewer    | Noticed Purgy
  3325 | Sewer    | Killed Purgy
  3326 | Sewer    | Reached skill level 4 in Spellcasting
  3326 | Sewer    | Reached XP level 6. HP: 40/48 MP: 0/0
  3461 | D:3      | Noticed Terence
  3616 | D:4      | Noticed an ogre
  3619 | D:4      | Killed an ogre
  3693 | D:4      | Found a hide-covered altar of Uskayaw.
  3908 | D:4      | Reached XP level 7. HP: 47/53 MP: 0/0
  3908 | D:4      | Learned a level 2 spell: Poisonous Vapours
  3930 | D:4      | Reached skill level 5 in Fighting
  3930 | D:4      | Reached skill level 5 in Spellcasting
  4214 | D:5      | Entered Level 5 of the Dungeon
  4255 | D:5      | Identified the -7 pair of gloves of Okawaru's Vengeance
                  | {rPois Will++ Regen+ Dex-2}
  4345 | D:5      | Reached XP level 8. HP: 52/60 MP: 0/0
  4373 | D:5      | Noticed Eustachio
  4412 | D:5      | Killed Eustachio
  4413 | D:5      | Reached skill level 6 in Spellcasting
  4565 | D:5      | Found a snail-covered altar of Cheibriados.
  4684 | D:5      | Found Yxkalag's Armour Shoppe.
  4706 | D:5      | Found an iron altar of Okawaru.
  4727 | D:5      | Found an ornate altar of the Wu Jian Council.
  5189 | D:6      | Found a sand-covered staircase.
  5208 | Ossuary  | Entered an ossuary
  5235 | Ossuary  | Reached skill level 7 in Spellcasting
  5235 | Ossuary  | Reached XP level 9. HP: 57/67 MP: 0/0
  5235 | Ossuary  | Learned a level 4 spell: Summon Lightning Spire
  5660 | D:6      | Noticed Prince Ribbit
  5666 | D:6      | Killed Prince Ribbit
  6142 | D:7      | Found a broken altar of Ashenzari.
  6292 | D:7      | Reached skill level 8 in Spellcasting
  6332 | D:7      | Found a staircase to the Ecumenical Temple.
  6349 | D:7      | Found a blossoming altar of Fedhas.
  6542 | D:8      | Noticed a two-headed ogre
  6549 | D:8      | Killed a two-headed ogre
  6550 | D:8      | Reached XP level 10. HP: 66/76 MP: 0/0
  6744 | D:8      | Noticed a kobold demonologist
  6752 | D:8      | Reached skill level 9 in Spellcasting
  6755 | D:8      | Killed a kobold demonologist
  7029 | D:8      | Noticed a manticore
  7036 | D:8      | Killed a manticore
  7159 | D:8      | Killed an unseen horror
  7218 | D:8      | Identified the +7 short sword "Bor Jif" {vorpal, *Rage
                  | Fragile rN++ MP+9}
  7308 | D:8      | Noticed a gargoyle
  7317 | D:8      | Killed a gargoyle
  7318 | D:8      | Reached skill level 10 in Spellcasting
  7402 | D:8      | Noticed Harold
  7409 | D:8      | Killed Harold
  7410 | D:8      | Reached XP level 11. HP: 37/85 MP: 0/0
  7410 | D:8      | Learned a level 5 spell: Irradiate
  7492 | D:8      | Noticed a centaur warrior
  7497 | D:8      | HP: 4/85 [centaur warrior/arrow (16)]
  7498 | D:8      | Shot with an arrow by a centaur warrior

Illustrated notes

Levels and vault maps discovered:
D:1:      dpeg_arrival_long_road, layout_loops_ring,
          shapermc_ecumenical_altar_mp_highgroup, minmay_tetromino_o2
D:2:      layout_loops_ring, basic_altar
D:3:      layout_loops_ring, gup_sewer_entry_pipe, uniq_terence
D:4:      layout_cave_pools, grunt_temple_overflow_open, kennysheep_donut
D:5:      lemuel_ice_spiral_2, layout_rooms, mainiacjoe_overflow_alcove_4,
          mainiacjoe_overflow_tiny_flanked, nicolae_wu_jian_immortal_techniques,
          serial_shops, kennysheep_mini, uniq_eustachio
D:6:      layout_basic, enter_ossuary_4, grunt_ministairs_11,
          chequers_decorated_corner, minmay_fountain_box, uniq_prince_ribbit1
D:7:      layout_rooms, cheibrodos_ashenzari_chains, fedhas_altar_2,
          temple_fountains, chequers_serial_rivers_micro_d
D:8:      minmay_tri_box, layout_basic, uniq_harold

Skill      XL: |  1  2  3  4  5  6  7  8  9 10 |
---------------+-------------------------------+-----
Spellcasting   | 3 4 5 7 8 10 | 10.4
Fighting       | 4 5 6 8 9 |  9.8
Short Blades   | |  2.6

Action                   |  1- 3 |  4- 6 |  7- 9 | 10-12 || total
-------------------------+-------+-------+-------+-------++-------
Melee: Short sword       |    17 |     2 |     1 |       ||    20
 Cast: Scorch            |    43 |    87 |   213 |    56 ||   399
       Poisonous Vapours |       |       |    15 |    14 ||    29
       Summon Lightning  |       |       |     1 |     6 ||     7
       Irradiate         |       |       |       |     1 ||     1
Evoke: Wand              |       |       |       |     1 ||     1
  Use: Scroll            |       |     6 |     4 |     6 ||    16
Armor: Robe              |     7 |     1 |       |       ||     8
       Troll leather arm |       |     6 |    32 |    11 ||    49
Dodge: Dodged            |    14 |    13 |    57 |    14 ||    98

Table legend: (Time is in decaauts)
 A = Elapsed time spent in this place.
 B = Non-inter-level travel time spent in this place.
 C = Inter-level travel time spent in this place.
 D = Time resting spent in this place.
 E = Time spent auto-exploring this place.
 F = Levels seen in this place.
 G = Mean time per level.
                   A        B        C        D        E       F      G
               +--------+--------+--------+--------+--------+-----+--------+
         Total |   7514 |   7332 |    182 |    114 |   5954 |  10 |  751.4 |
       Dungeon |   6904 |   6722 |    182 |    114 |   5498 |   8 |  863.0 |
         Sewer |    380 |    380 |      0 |      0 |    317 |   1 |  380.0 |
       Ossuary |    228 |    228 |      0 |      0 |    139 |   1 |  228.0 |
               +--------+--------+--------+--------+--------+-----+--------+

Top non-repeatable levels by time:
     D:1: 1324 daAuts
     D:8: 1112 daAuts
     D:2: 1105 daAuts
     D:6: 933 daAuts
     D:3: 806 daAuts
     D:5: 618 daAuts
     D:4: 597 daAuts
     D:7: 405 daAuts
   Sewer: 380 daAuts
 Ossuary: 228 daAuts
